 Dungeon Crawl Stone Soup version 0.20-a0-556-g892c87b (webtiles) character file.

434 demi the Shooter (level 7, 0/36 HPs)
             Began as a Vine Stalker Hunter on Feb 5, 2017.
             Was a Believer of Cheibriados.
             Slain by Duvessa
             ... wielding a +0 rapier
              (3 damage)
             ... on level 4 of the Dungeon.
             The game lasted 00:10:39 (3045 turns).

demi the Shooter (Vine Stalker Hunter)              Turns: 3045, Time: 00:10:40

Health: 0/36       AC:  6    Str: 19    XL:     7   Next: 0%
Magic:  0/8        EV: 12    Int: 20    God:    Cheibriados [**....]
Gold:   221        SH:  0    Dex: 20    Spells: 6/6 levels left

rFire    . . .     SeeInvis .   a - +1 shortbow
rCold    . . .     Gourm    .   c - +0 leather armour
rNeg     . . .     Faith    .   (shield currently unavailable)
rPois    +         Spirit   +   g - +0 helmet
rElec    .         Reflect  .   C - +0 cloak
rCorr    .         Harm     .   (no gloves)
MR       .....                  y - +0 pair of boots
Stlth    +++.......             (no amulet)
Regen    0.6/turn               (no ring)
                                p - ring of poison resistance

@: brilliant, very slow
A: fangs 2, regeneration 1, magic shield, antimagic bite, no potion heal 3, rot
immunity
a: Bend Time, Renounce Religion


You were on level 4 of the Dungeon.
You worshipped Cheibriados.
Cheibriados was pleased with you.
You were not hungry.

You visited 1 branch of the dungeon, and saw 4 of its levels.
You also visited: Sewer.

You collected 221 gold pieces.

Inventory:

Hand Weapons
 a - a +1 shortbow (weapon)
 b - a +0 short sword
Missiles
 d - 45 arrows (quivered)
Armour
 c - a +0 leather armour (worn)
 g - a +0 helmet (worn)
 y - a +0 pair of boots (worn)
 C - a +0 cloak (worn)
Jewellery
 p - a ring of poison resistance (left hand)
Wands
 o - a wand of disintegration (15/24)
 H - a wand of clouds (4/9)
Scrolls
 i - 2 scrolls of remove curse
 m - 2 scrolls of identify
 n - a scroll of teleportation {unknown}
 q - a scroll of fog {unknown}
 r - 3 scrolls of enchant armour {unknown}
 u - a scroll of random uselessness {unknown}
 w - 2 scrolls of blinking {unknown}
 B - a scroll of immolation {unknown}
 F - a scroll of recharging {unknown}
Potions
 e - 3 potions of brilliance
 h - a potion of mutation {unknown}
 j - a potion of lignification {unknown}
 k - a potion of resistance {unknown}
 t - 2 potions of might {unknown}
 v - a potion of ambrosia {unknown}
 x - a potion of magic {unknown}
 A - a potion of berserk rage {unknown}
 D - 4 potions of heal wounds {unknown}
 E - 5 potions of curing {unknown}
 G - a potion of flight {unknown}
Comestibles
 f - 3 bread rations
 l - 2 meat rations
 s - 2 fruits
 z - 2 royal jellies


   Skills:
 + Level 3.2 Fighting
 + Level 1.9 Short Blades
 * Level 5.5 Bows
 - Level 1.5 Dodging
 + Level 4.6 Stealth


You had 6 spell levels left.
You didn't know any spells.

Dungeon Overview and Level Annotations

Branches:
Dungeon (4/15)
 Temple: D:4-7

Altars:
Cheibriados
Dithmenos
Okawaru
Qazlal
Ru
Yredelemnul
Zin

Annotations:
D:4 Duvessa


Innate Abilities, Weirdness & Mutations

You have extremely sharp teeth.
Your natural rate of healing is unusually fast.
When hurt, damage is shared between your health and your magic reserves.
Your bite disrupts and absorbs the magic of your enemies.
Potions cannot restore your health.
You are immune to rotting.


Message History

You shoot an arrow. The arrow hits Duvessa.
Duvessa is moderately wounded.
Duvessa hits you with a rapier! x2
Okay, then.
It was a potion of brilliance.
You feel clever all of a sudden. Duvessa hits you with a rapier.
* * * LOW HITPOINT WARNING * * *
The leopard gecko skeleton bites you.
* * * LOW HITPOINT WARNING * * *
Okay, then.
The leopard gecko skeleton closely misses you.
Duvessa hits you but does no damage.
You see here an arrow.
Duvessa hits you with a rapier.
* * * LOW HITPOINT WARNING * * *
The leopard gecko skeleton misses you.
You see here an arrow.
Duvessa hits you with a rapier.
You die...

....# ##.## ####..##.####.....
##..######...###......>#..##.....
#..............<.#..##.#.###...#
#.#######...###..#..##.#.# ##...
#.# ##.####..#.)##.#.# #.## ##.#
#........((##.#.####.## ...#
######.Z(..(........... ####
#.e..###.#.####.## #@####
#.#.####.# #(# ....## #.# #...
#.. #.## ### #... ####


You could see Duvessa (berserk) and a leopard gecko skeleton.

Vanquished Creatures
  An ogre (D:4)
  A big kobold (Sewer)
  Dowan (D:4)
  An orc wizard (D:3)
  A worker ant (D:4)
  3 river rats (D:4)
  4 adders
  An ooze (D:2)
  A worm (D:2)
  5 leopard geckos
  4 orcs
  A ball python (Sewer)
  8 bats
  6 giant cockroaches
  5 goblins
  8 hobgoblins
  4 jackals (D:2)
  17 kobolds
  7 quokkas
  6 frilled lizards
  15 rats
100 creatures vanquished.

Vanquished Creatures (others)
  A plant (D:3)
1 creature vanquished.

Grand Total: 101 creatures vanquished

Notes
Turn   | Place    | Note
-------+----------+-------------------------------------------
     0 | D:1      | demi the Vine Stalker Hunter began the quest for the Orb.
     0 | D:1      | Reached XP level 1. HP: 11/11 MP: 2/2
    94 | D:1      | Reached XP level 2. HP: 15/15 MP: 3/3
   367 | D:1      | Reached skill level 4 in Bows
   511 | D:2      | Reached XP level 3. HP: 16/18 MP: 2/4
   767 | D:2      | Gained mutation: Your natural rate of healing is unusually fast. [Vine Stalker growth]
   767 | D:2      | Reached XP level 4. HP: 23/23 MP: 5/5
  1357 | D:3      | Found a stormy altar of Qazlal.
  1672 | D:3      | Found a snail-covered altar of Cheibriados.
  1673 | D:3      | Found a glowing silver altar of Zin.
  1673 | D:3      | Found a shadowy altar of Dithmenos.
  1674 | D:3      | Found a basalt altar of Yredelemnul.
  1681 | D:3      | Found an iron altar of Okawaru.
  1682 | D:3      | Found a sacrificial altar of Ru.
  1693 | D:3      | Became a worshipper of Cheibriados the Contemplative
  1860 | D:3      | Reached XP level 5. HP: 22/27 MP: 4/6
  2408 | D:4      | Noticed an ogre
  2417 | D:4      | Killed an ogre
  2417 | D:4      | Reached skill level 1 in Short Blades
  2417 | D:4      | Reached skill level 5 in Bows
  2417 | D:4      | Reached XP level 6. HP: 6/32 MP: 5/7
  2505 | D:4      | Reached * piety under Cheibriados
  2552 | D:4      | Found a glowing drain.
  2561 | Sewer    | Entered a sewer
  2800 | Sewer    | Reached ** piety under Cheibriados
  3027 | D:4      | Noticed Dowan
  3033 | D:4      | Killed Dowan
  3033 | D:4      | Reached XP level 7. HP: 36/36 MP: 8/8
  3037 | D:4      | Noticed Duvessa
  3045 | D:4      | Slain by Duvessa

Vault maps used:
D:1:      minmay_arrival_split_and_join
D:2:      serial_curves, eino_curves_02, eino_curves_02, eino_curves_04,
          eino_curves_03
D:3:      wad_woods_stonehenge, minitemple
D:4:      portal_sewer_entry_e, uniq_duvessa
Sewer:    kennysheep_pipe_town

Skill      XL: |  1  2  3  4  5  6 |
---------------+-------------------+-----
Fighting       | 2 3 |  3.2
Stealth        | 2 3 4 |  4.6
Bows           | 4 5 |  5.5
Short Blades   | 1 |  1.9
Dodging        | |  1.5

Action                   |  1- 3 |  4- 6 |  7- 9 || total
-------------------------+-------+-------+-------++-------
Melee: Short sword       |    26 |    85 |       ||   111
       Bite              |     3 |    26 |       ||    29
 Fire: Shortbow          |    62 |   126 |     4 ||   192
Invok: Bend Time         |       |     1 |       ||     1
  Use: Scroll            |       |     2 |       ||     2
       Potion            |       |       |     1 ||     1
 Stab: Sleeping          |       |     2 |       ||     2
  Eat: Chunk             |       |     6 |       ||     6
Armor: Leather armour    |     9 |    47 |     3 ||    59
Dodge: Dodged            |    21 |   113 |     2 ||   136
